 Dungeon Crawl Stone Soup version 0.25.1-2-g60ff931df9 (webtiles) character file.

Game seed: 10191096965003315420

492 raphaelitos the Shield-Bearer (level 7, -3/55 HPs)
             Began as a Formicid Fighter on Nov 30, 2020.
             Slain by an ogre
             ... wielding a +0 giant club
              (7 damage)
             ... on level 4 of the Dungeon.
             The game lasted 00:10:21 (3378 turns).

raphaelitos the Shield-Bearer (Formicid Fighter)    Turns: 3378, Time: 00:10:22

Health: -3/55      AC: 10    Str: 22    XL:     7   Next: 37%
Magic:  7/7        EV:  8    Int:  7    God:
Gold:   241        SH:  7    Dex: 11    Spells: 6/6 levels left

rFire    x . .     SeeInvis +   b - +1 mace (vorpal)
rCold    + . .     Gourm    .   s - +2 buckler
rNeg     . . .     Faith    .   i - +1 chain mail
rPois    .         Spirit   .   (helmet unavailable)
rElec    .         Reflect  .   (no cloak)
rCorr    .         Harm     .   (no gloves)
MR       .....                  (no boots)
Stlth    ..........             (no amulet)
HPRegen  0.18/turn              q - ring of ice
MPRegen  0.10/turn              (no ring)

@: no status effects
A: permanent stasis, dig shafts and tunnels, four strong arms, antennae 3
a: Dig, Shaft Self


You were on level 4 of the Dungeon.
You were not hungry.

You visited 1 branch of the dungeon, and saw 4 of its levels.
You also visited: Sewer.

You collected 241 gold pieces.

Inventory:

Hand Weapons
 a - a +1 quarterstaff
 b - a +1 vorpal mace (weapon)
Missiles
 g - 8 javelins (quivered)
 h - 90 arrows
 l - 10 poisoned darts
Armour
 c - a +0 kite shield
 i - a +1 chain mail (worn)
 s - a +2 buckler (worn)
Jewellery
 q - a ring of ice (left hand)
Wands
 k - a wand of paralysis (7)
Scrolls
 e - a scroll of amnesia
Potions
 d - a potion of might
 j - 2 potions of flight
 n - a potion of stabbing {unknown}
 o - 3 potions of degeneration {unknown}
 p - a potion of lignification
 r - a potion of invisibility {unknown}
 t - a potion of curing {unknown}
Comestibles
 f - 3 rations
 m - 9 chunks of flesh


   Skills:
 + Level 4.4 Fighting
 + Level 1.5(3.4) Maces & Flails
 + Level 4.9(5.0) Staves
 + Level 4.5 Armour
 + Level 0.5 Dodging
 + Level 0.3 Stealth
 + Level 5.3 Shields


You had 6 spell levels left.
You didn't know any spells.
Your spell library was empty.

Dungeon Overview and Level Annotations

Branches:
Dungeon (4/15)              Sewer (visited)
 Temple: D:4-7

Altars:
Ru

Annotations:
D:2 dig


Innate Abilities, Weirdness & Mutations

You cannot be hasted, slowed, berserked, paralysed or teleported.
You can dig through walls and to a lower floor.
Your four strong arms can wield two-handed weapons with a shield.
You have a pair of large antennae on your head. (SInv)


Message History

There are monsters nearby!
There are monsters nearby!
The ogre barely misses you.
You hit the ogre.
The ogre is moderately wounded.
The ogre closely misses you.
You hit the ogre.
The ogre is heavily wounded.
You block the giant cockroach's attack. You block the ogre's attack.
The giant cockroach bites you.
Your chain mail prevents you from hitting the ogre.
The ogre is heavily wounded.
The giant cockroach barely misses you.
The ogre hits you with a +0 giant club!!
* * * LOW HITPOINT WARNING * * *
You hit the ogre.
The ogre is heavily wounded.
The giant cockroach bites you but does no damage.
The ogre hits you with a +0 giant club!
You die...

#.# #.#######..# #. ..
.... ...... #.. < #...
.?.# .... .### ..# #.##
..#.####.. { #.# #..#
........># #.######..
.........# ##...))...)
.......s.#####..#.####.#
.....$O@..).%$.##..# #.#
..........##...........#
.........###########....
..######## ..... #
..#... ...#... .$. #...


You could see an ogre and a giant cockroach.

Vanquished Creatures
  3 ogres (D:4)
  A worker ant (D:4)
  A howler monkey zombie (D:2)
  3 gnolls (D:4)
  4 adders
  4 oozes
  An adder skeleton (D:2)
  8 worms
  5 dart slugs
  2 leopard geckos (Sewer)
  A ball python (Sewer)
  9 bats
  3 bat skeletons (D:2)
  5 giant cockroaches
  4 goblins
  3 hobgoblins
  10 jackals
  7 kobolds
  A quokka (D:3)
  A ball python zombie (D:2)
  11 frilled lizards
  A leopard gecko skeleton (D:2)
  A quokka skeleton (D:2)
  6 rats
95 creatures vanquished.

Notes
Turn   | Place    | Note
-------+----------+-------------------------------------------
     0 | D:1      | raphaelitos the Formicid Fighter began the quest for the
                  | Orb.
     0 | D:1      | Reached XP level 1. HP: 18/18 MP: 1/1
    64 | D:1      | Reached XP level 2. HP: 24/24 MP: 2/2
    85 | D:1      | Reached skill level 4 in Shields
   590 | D:1      | Reached XP level 3. HP: 29/29 MP: 3/3
   992 | D:2      | Reached XP level 4. HP: 35/36 MP: 4/4
  1503 | D:2      | Found a sacrificial altar of Ru.
  1687 | D:3      | Reached skill level 5 in Shields
  1695 | D:3      | Reached XP level 5. HP: 39/42 MP: 5/5
  1770 | D:3      | Found a glowing drain.
  1874 | Sewer    | Entered a sewer
  3126 | D:4      | Noticed an ogre
  3132 | D:4      | Killed an ogre
  3132 | D:4      | Reached XP level 6. HP: 24/48 MP: 6/6
  3209 | D:4      | Noticed an ogre
  3218 | D:4      | Killed an ogre
  3318 | D:4      | Reached XP level 7. HP: 51/54 MP: 7/7
  3370 | D:4      | Reached skill level 1 in Maces & Flails
  3378 | D:4      | Slain by an ogre

Illustrated notes

Levels and vault maps discovered:
D:1:      dpeg_arrival_round_a, layout_basic, minmay_lizard_pond
D:2:      lemuel_upstairs_altar, layout_rooms, serial_undead, serial_undead_d,
          serial_undead_c, serial_undead_d, serial_undead_c, serial_undead_a,
          serial_undead_f, serial_undead_c, nicolae_ru_path_of_blood
D:3:      layout_rooms, gup_sewer_entry_glass
D:4:      layout_rooms, lemuel_crystal_altar, minmay_temple_entry_purple_smoke,
          serial_curves, eino_curves_01, eino_curves_02, first_ration,
          chequers_serial_rivers_room_b

Skill      XL: |  1  2  3  4  5  6  7 |
---------------+----------------------+-----
Shields        | 4 5 |  5.3
Staves         | 4 |  4.9
Fighting       | 4 |  4.4
Armour         | 4 |  4.5
Maces & Flails | 1 |  1.5
Dodging        | |  0.5
Stealth        | |  0.3

Action                   |  1- 3 |  4- 6 |  7- 9 || total
-------------------------+-------+-------+-------++-------
Melee: Quarterstaff      |   121 |   201 |       ||   322
       Mace              |       |    12 |    20 ||    32
  Use: Scroll            |     2 |     8 |       ||    10
       Potion            |       |     1 |       ||     1
  Eat: Chunk             |       |     9 |       ||     9
Armor: Scale mail        |    28 |       |       ||    28
       Chain mail        |    54 |   154 |     4 ||   212
Dodge: Dodged            |    40 |    84 |     9 ||   133
Block: Kite shield       |    91 |   143 |       ||   234
       Buckler           |       |     5 |     7 ||    12
